 Dungeon Crawl Stone Soup version 0.27-a0-1147-gb3d8e82157 (webtiles) character file.

Game seed: 13069441224957154340

13041 DasRunzen the Fighter (level 11, -2/91 HPs)
             Began as a Demonspawn Gladiator on May 11, 2021.
             Was a High Priest of Nemelex Xobeh.
             Killed from afar by an ice dragon (41 damage)
             ... with a blast of cold
             ... on level 2 of the Lair of Beasts.
             The game lasted 00:32:04 (14673 turns).

DasRunzen the Fighter (Demonspawn Gladiator)       Turns: 14673, Time: 00:32:06

Health: -2/91      AC: 12    Str: 17    XL:     11   Next: 70%
Magic:  17/17      EV: 16    Int: 14    God:    Nemelex Xobeh [*****.]
Gold:   594        SH:  0    Dex: 15    Spells: 10/10 levels left

rFire    + . .     SeeInvis .   x - +4 scythe (protect)
rCold    . . .     Faith    .   (shield currently unavailable)
rNeg     . . .     Spirit   .   e - +2 robe {rF+}
rPois    .         Reflect  .   c - +0 helmet
rElec    .         Harm     .   l - +2 cloak {rCorr}
rCorr    +         Rampage  .   k - +0 pair of gloves
Will     .....                  (boots unavailable)
Stlth    +.........             (no amulet)
HPRegen  0.25/turn              b - +4 ring of slaying
MPRegen  0.15/turn              E - ring of resist corrosion

@: frozen, very slow
A: talons 3, rugged brown scales 2, foul stench 3, clever 1, strong 1
a: Renounce Religion, Draw Escape, Draw Destruction, Draw Summoning, Triple
Draw, Deal Four, Stack Five


You were on level 2 of the Lair of Beasts.
You worshipped Nemelex Xobeh.
Nemelex Xobeh was extremely pleased with you.
You visited 2 branches of the dungeon, and saw 12 of its levels.

You collected 834 gold pieces.
You spent 240 gold pieces at shops.

Inventory:

Hand Weapons
 a - a +0 long sword
 x - a +4 scythe of protection (weapon)
Missiles
 d - 5 throwing nets (quivered)
 F - a curare-tipped dart
Armour
 c - a +0 helmet (worn)
 e - a +2 robe of fire resistance (worn)
 k - a +0 pair of gloves (worn)
 l - a +2 cloak of preservation (worn)
 D - a +0 buckler
Jewellery
 b - a +4 ring of slaying (left hand)
 g - a ring of fire
 E - a ring of resist corrosion (right hand)
Wands
 s - a wand of mindburst (12)
 t - a wand of digging (5)
 y - a wand of paralysis (4)
 A - a wand of flame (16)
 C - a wand of iceblast (4)
Scrolls
 h - 3 scrolls of amnesia
 j - 4 scrolls of teleportation
 m - 2 scrolls of fear
 p - a scroll of magic mapping
 q - 4 scrolls of fog
 v - a scroll of blinking
Potions
 f - 2 potions of heal wounds
 i - 4 potions of curing
 n - a potion of might
 o - 3 potions of flight
 r - 2 potions of resistance
 u - 2 potions of cancellation
 w - 2 potions of berserk rage
 B - a potion of invisibility
 G - 2 potions of brilliance {unknown}


   Skills:
 + Level 8.9 Fighting
 - Level 5.4 Long Blades
 * Level 7.7 Polearms
 - Level 1.7 Throwing
 + Level 7.8 Armour
 + Level 8.4 Dodging
 + Level 8.2 Invocations


You had 10 spell levels left.
You didn't know any spells.
Your spell library contained the following spells:

 Spells                   Type           Power      Damage    Failure   Level
 Freeze                   Ice            0%         1d3       28%         1
 Frozen Ramparts          Ice            0%         1d2       65%         3
 Ozocubu's Armour         Ice            0%         N/A       65%         3
 Hailstorm                Conj/Ice       0%         3d3       96%         4
 Metabolic Englaciation   Hex/Ice        0%         N/A       100%        5


Dungeon Overview and Level Annotations

Branches:
Dungeon (9/15)             Temple (0/1) D:4            Lair (3/6) D:8
  Swamp: Lair:2-4    Shoals: Lair:2-4     Snake: Lair:2-4    Spider: Lair:2-4
    Orc: D:9-12

Altars:
Cheibriados
Hepliaklqana
Nemelex Xobeh
Vehumet
Wu Jian
Zin

Shops:
D:4 =   D:7 ?(


Innate Abilities, Weirdness & Mutations

You have claws for feet.
You are mostly covered in rugged brown scales. (AC +2, +5% HP)
You frequently emit foul miasma when damaged in melee.
Your mind is acute. (Int +2)
Your muscles are strong. (Str +2)


Message History

The ice dragon twists and deforms.
The cane toad evaporates and reforms as a rime drake!
The rime drake twists and deforms.
Your killer bee stings the ice dragon. x2
Unknown command.
Reach: x) +4 scythe (protect)
Press: ? - help, Dir - move target, f - ice dragon
Aim: an ice dragon (lightly wounded, misshapen and mutated, ally target, about 26% to evade your +4 scythe of protection)
You reach to attack!
You completely miss the ice dragon.
The ice dragon is lightly wounded.
Your killer bee stings the ice dragon but does no damage.
Your killer bee closely misses the ice dragon.
Your killer bee barely misses the ice dragon.
The ice dragon breathes frost at you. The blast of cold hits you!!
The rime drake breathes ice at you. The flash freeze hits you!
You are encased in ice.
Reach: x) +4 scythe (protect)
Press: ? - help, Dir - move target, f/p - ice dragon
Aim: an ice dragon (lightly wounded, catching its breath, misshapen and mutated, ally target, about 26% to evade your +4 scythe of protection)
You reach to attack!
You hit the ice dragon.
Your weapon exudes an aura of protection.
The ice dragon is lightly wounded.
Your killer bee stings the ice dragon. x2
Your killer bee stings the ice dragon!
The ice dragon misses you. The ice dragon closely misses you.
The ice dragon barely misses you.
Your killer bee stings the ice dragon.
The rime drake barely misses you.
Your killer bee completely misses the ice dragon.
The ice dragon bites you but does no damage.
The ice dragon closely misses you. The ice dragon barely misses you.
You climb upwards.
The ice encasing you melts away.
There is a stone staircase leading down here.
The rime drake breathes ice at you. The flash freeze hits you!!
You are encased in ice.
The ice dragon breathes frost at you. The blast of cold hits you!!!
You die...
Your body disappears without a glow.

....................#
....................#
###.##....#.###.##..#
###.###.............##
.....##..#..........P#
.....#...#........P.##
.....##........D....P#
.....##..P......>...##
#...###.........@k#.#
.#.#.##...P...##P.P.##
.....................#
.....................##
....................#.#
.....................##
...........###P#.#..#.#
##P#..#...#.#####....##
######....##....+...##


You could see an ice dragon (catching breath, misshapen) and a rime drake
(catching breath, misshapen).

Vanquished Creatures
  A bunyip (Lair:2)
  A hydra (Lair:2)
  Harold (D:8)
  An ugly thing (D:9)
  5 cane toads
  A komodo dragon (Lair:1)
  Psyche (D:8)
  Prince Ribbit (Lair:2)
  2 blink frogs (Lair:2)
  Sigmund (D:5)
  6 yaks (Lair:2)
  3 wyverns
  2 basilisks (Lair:1)
  Grum (Lair:1)
  A steam dragon (D:7)
  Menkaure (D:4)
  8 water moccasins
  A swamp drake (Lair:2)
  2 black bears
  2 ice beasts
  A sky beast (D:5)
  5 orc warriors
  An ogre (D:8)
  A necrophage (D:7)
  6 wolves
  3 centaurs
  A phantom (D:7)
  A lemure (D:5)
  A kobold brigand (D:9)
  Blork the orc (D:6)
  A gnoll sergeant (D:5)
  A wyvern zombie (D:4)
  7 bullfrogs
  2 scorpions (D:5)
  A water moccasin skeleton (D:5)
  8 killer bees
  8 wights
  6 howler monkeys
  A centaur zombie (D:7)
  A bullfrog zombie (D:6)
  Crazy Yiuf (D:4)
  6 hounds
  3 orc priests
  2 jellies (D:6)
  3 iguanas
  6 orc wizards
  2 killer bee zombies
  2 hound skeletons (D:5)
  A howler monkey zombie (D:7)
  15 gnolls
  6 adders
  2 ufetubi
  A worm (D:3)
  A dart slug (D:1)
  27 orcs
  5 endoplasms
  A giant cockroach (D:4)
  7 goblins
  3 hobgoblins
  7 jackals
  6 quokkas
  8 ball pythons
  16 bats
  A frilled lizard (D:2)
  9 kobolds
  5 rats
245 creatures vanquished.

Vanquished Creatures (collateral kills)
  An orc priest (D:8)
  An orc (D:8)
2 creatures vanquished.

Vanquished Creatures (others)
  Maurice (D:8)
  A swamp drake (Lair:2)
  An ogre (D:7)
  A fungus (Lair:2)
  3 plants (Lair:2)
7 creatures vanquished.

Grand Total: 254 creatures vanquished

Notes
Turn   | Place    | Note
-------+----------+-------------------------------------------
     0 | D:1      | DasRunzen the Demonspawn Gladiator began the quest for the
                  | Orb.
     0 | D:1      | Reached XP level 1. HP: 16/16 MP: 1/1
   302 | D:1      | Gained mutation: You have sharp toenails. [demonic
                  | ancestry]
   302 | D:1      | Reached XP level 2. HP: 19/22 MP: 2/2
  1083 | D:1      | Reached skill level 1 in Armour
  1350 | D:2      | Gained mutation: You may rarely emit foul miasma when
                  | damaged in melee. [demonic ancestry]
  1350 | D:2      | Reached XP level 3. HP: 26/28 MP: 3/3
  1692 | D:2      | Found a faded altar of an unknown god.
  1711 | D:2      | Became a worshipper of Nemelex Xobeh the Trickster
  1711 | D:2      | Reached * piety under Nemelex Xobeh
  1828 | D:2      | Found a sparkling altar of Nemelex Xobeh.
  2162 | D:3      | Received a gift from Nemelex Xobeh
  2278 | D:3      | Gained mutation: You have razor-sharp toenails. [demonic
                  | ancestry]
  2278 | D:3      | Reached XP level 4. HP: 34/34 MP: 4/4
  3066 | D:3      | Found a snail-covered altar of Cheibriados.
  3082 | D:3      | Reached ** piety under Nemelex Xobeh
  3118 | D:3      | Gained mutation: You sometimes emit foul miasma when
                  | damaged in melee. [demonic ancestry]
  3118 | D:3      | Reached XP level 5. HP: 29/41 MP: 5/5
  3336 | D:4      | Found Jecveonaog's Jewellery Shop.
  3493 | D:4      | Noticed Menkaure
  3503 | D:4      | Killed Menkaure
  3504 | D:4      | Reached XP level 6. HP: 11/47 MP: 6/6
  3802 | D:4      | Found a staircase to the Ecumenical Temple.
  4077 | D:4      | Found Fuxunnext's Jewellery Boutique.
  4357 | D:4      | Found a runed translucent door.
  4358 | D:4      | Noticed Crazy Yiuf
  4364 | D:4      | Killed Crazy Yiuf
  4389 | D:5      | Entered Level 5 of the Dungeon
  4402 | D:5      | Gained mutation: You are partially covered in rugged brown
                  | scales. (AC +1, +3% HP) [demonic ancestry]
  4402 | D:5      | Reached XP level 7. HP: 37/55 MP: 7/7
  5188 | D:5      | Noticed Sigmund
  5201 | D:5      | Killed Sigmund
  5202 | D:5      | Reached skill level 5 in Fighting
  5202 | D:5      | Reached skill level 5 in Long Blades
  5202 | D:5      | Reached skill level 5 in Dodging
  5202 | D:5      | Reached XP level 8. HP: 45/63 MP: 8/8
  5470 | D:5      | Reached skill level 1 in Polearms
  5737 | D:6      | Reached *** piety under Nemelex Xobeh
  5747 | D:6      | Noticed Grinder
  5750 | D:6      | Noticed Grinder
  5750 | D:6      | Grinder changed into Grinder the lemure
  5754 | D:6      | Noticed Blork the orc
  5777 | D:5      | Killed Grinder the lemure
  6261 | D:5      | Reached skill level 5 in Armour
  6436 | D:6      | Paralysed by an orc for 6 turns
  6446 | D:5      | Paralysed by an orc for 2 turns
  6706 | D:6      | Killed Blork the orc
  6707 | D:6      | Gained mutation: You frequently emit foul miasma when
                  | damaged in melee. [demonic ancestry]
  6707 | D:6      | Reached XP level 9. HP: 60/71 MP: 9/9
  6816 | D:6      | Received a gift from Nemelex Xobeh
  7057 | D:7      | Reached skill level 1 in Invocations
  7406 | D:7      | Found Cisischa's Magic Scroll Shop.
  7416 | D:7      | Bought a scroll of enchant weapon for 120 gold pieces
  7416 | D:7      | Bought a scroll of enchant weapon for 120 gold pieces
  7541 | D:7      | Found Noser's Weapon Emporium.
  8015 | D:8      | Noticed Harold
  8045 | D:8      | Killed Harold
  8400 | D:8      | Received a gift from Nemelex Xobeh
  8426 | D:8      | Noticed Psyche
  8440 | D:8      | Killed Psyche
  8541 | D:8      | Gained mutation: You have claws for feet. [demonic
                  | ancestry]
  8541 | D:8      | Reached XP level 10. HP: 81/81 MP: 13/13
  8759 | D:8      | Noticed Maurice
  8768 | D:8      | Killed Maurice
  9321 | D:8      | Reached skill level 5 in Invocations
  9674 | D:8      | Reached **** piety under Nemelex Xobeh
 10112 | D:8      | Found a staircase to the Lair.
 10653 | D:9      | Noticed a purple ugly thing
 10663 | D:9      | Killed a purple ugly thing
 11048 | D:9      | Found a radiant altar of Vehumet.
 11055 | D:9      | Gained mutation: Your muscles are strong. (Str +2) [potion
                  | of mutation]
 11055 | D:9      | Gained mutation: Your mind is acute. (Int +2) [potion of
                  | mutation]
 11155 | D:9      | Received a gift from Nemelex Xobeh
 11209 | D:9      | Reached skill level 5 in Polearms
 11279 | D:9      | Found a hazy altar of Hepliaklqana.
 11758 | D:9      | Found an ornate altar of the Wu Jian Council.
 11948 | Lair:1   | Entered Level 1 of the Lair of Beasts
 11995 | Lair:1   | Received a gift from Nemelex Xobeh
 12182 | Lair:1   | Noticed Grum
 12192 | Lair:1   | Killed Grum
 12392 | Lair:1   | Received a gift from Nemelex Xobeh
 12418 | Lair:1   | Noticed a cane toad
 12428 | Lair:1   | Killed a cane toad
 12795 | Lair:1   | Gained mutation: You are mostly covered in rugged brown
                  | scales. (AC +2, +5% HP) [demonic ancestry]
 12795 | Lair:1   | Reached XP level 11. HP: 82/90 MP: 16/16
 13442 | Lair:2   | Received a gift from Nemelex Xobeh
 13467 | Lair:2   | Noticed a six-headed hydra
 13473 | Lair:2   | Killed a six-headed hydra
 13758 | Lair:2   | Noticed Prince Ribbit
 13775 | Lair:2   | Noticed a five-headed hydra
 13781 | Lair:2   | Noticed a bunyip
 13781 | Lair:2   | a five-headed hydra changed into a bunyip
 13789 | Lair:2   | Killed a bunyip
 13827 | Lair:2   | Killed Prince Ribbit
 14117 | Lair:2   | Reached ***** piety under Nemelex Xobeh
 14364 | Lair:2   | Received a gift from Nemelex Xobeh
 14652 | Lair:3   | Noticed a boulder beetle
 14659 | Lair:3   | Noticed a six-headed hydra
 14668 | Lair:3   | Noticed an ice dragon
 14668 | Lair:3   | a six-headed hydra changed into an ice dragon
 14673 | Lair:2   | Killed from afar by an ice dragon

Illustrated notes

Levels and vault maps discovered:
D:1:      sevenhm_arrival_forest_fort_small_3, layout_loops_ring
D:2:      layout_basic, basic_altar, hellmonk_ecumenical_altar_heavens_door,
          minmay_quadrilaterals
D:3:      layout_basic, gammafunk_temple_overflow_statue, minivault_4
D:4:      layout_basic, temple_hall, serial_shops, shop,
          minmay_shop_enchanted_jewellery, uniq_menkaure,
          uniq_crazy_yiuf_cottage
D:5:      layout_basic, uniq_sigmund
D:6:      layout_rooms, uniq_grinder, uniq_blork_the_orc
D:7:      layout_rooms, serial_shops, shop, shop, kennysheep_generic_room_3
D:8:      layout_basic, lair_entry_dummy, grunt_ogre_cave, uniq_psyche,
          uniq_harold, uniq_maurice
D:9:      layout_cave_pools, nicolae_wu_jian_immortal_techniques,
          worldfamousw_hep_ancestral_shrine, amcnicky_altar_gilded,
          minmay_crystal_room
Lair:1:   layout_hall_layers, chequers_serial_rivers_micro_e, roderic_batcave,
          grunt_megastairs_4, lemuel_fruit_tree, infiniplex_staircase_pool_2,
          uniq_grum
Lair:2:   layout_regular_city, uniq_prince_ribbit2
Lair:3:   layout_roguey, nicolae_swamp_entry_splash_gauntlet, grunt_megastairs_5

Skill      XL: |  1  2  3  4  5  6  7  8  9 10 11 |
---------------+----------------------------------+-----
Dodging        | 3 4 5 6 7 8 |  8.4
Long Blades    | 3 4 5 |  5.4
Armour         | 1 2 3 4 5 6 7 |  7.8
Fighting       | 3 4 5 6 7 8 |  8.9
Polearms       | 2 4 6 7 |  7.7
Invocations    | 4 6 8 |  8.2
Throwing       | |  1.7

Action                   |  1- 3 |  4- 6 |  7- 9 | 10-12 || total
-------------------------+-------+-------+-------+-------++-------
Melee: Long sword        |   104 |    99 |   186 |       ||   389
       Kick              |    24 |    12 |       |    56 ||    92
       Scythe            |       |       |    77 |   253 ||   330
Invok: Draw Destruction  |       |     1 |     2 |     8 ||    11
       Draw Summoning    |       |       |     1 |     1 ||     2
       Draw Escape       |       |       |       |     3 ||     3
  Use: Scroll            |     5 |     3 |     8 |     7 ||    23
       Potion            |       |       |       |     5 ||     5
 Stab: Sleeping          |     5 |     2 |     1 |     2 ||    10
Armor: Robe              |    25 |    44 |   143 |   119 ||   331
       Leather armour    |     1 |       |       |       ||     1
Dodge: Dodged            |    77 |    91 |   242 |   320 ||   730
       Rpst.: Long sword |    20 |    22 |    47 |       ||    89

Table legend: (Time is in decaauts)
 A = Elapsed time spent in this place.
 B = Non-inter-level travel time spent in this place.
 C = Inter-level travel time spent in this place.
 D = Time resting spent in this place.
 E = Time spent auto-exploring this place.
 F = Levels seen in this place.
 G = Mean time per level.
                   A        B        C        D        E       F      G
               +--------+--------+--------+--------+--------+-----+--------+
         Total |  15004 |  14773 |    231 |   4170 |   8362 |  12 | 1250.3 |
       Dungeon |  12180 |  11981 |    199 |   3504 |   6650 |   9 | 1353.3 |
          Lair |   2824 |   2793 |     31 |    666 |   1712 |   3 |  941.3 |
               +--------+--------+--------+--------+--------+-----+--------+

Top non-repeatable levels by time:
     D:8: 3408 daAuts
     D:5: 1929 daAuts
  Lair:1: 1531 daAuts
     D:1: 1306 daAuts
  Lair:2: 1254 daAuts
     D:3: 1206 daAuts
     D:4: 1066 daAuts
     D:6: 967 daAuts
     D:2: 855 daAuts
     D:7: 738 daAuts
     D:9: 700 daAuts
  Lair:3: 39 daAuts
